 Dungeon Crawl Stone Soup version 0.25-a0-578-gc91f01c39c (webtiles) character file.

Game seed: 15236765127262579983, levelgen mode: deterministic

21121 Eurus the Thaumaturge (level 12, -5/87 HPs)
             Began as a Mummy Conjurer on Mar 3, 2020.
             Was a Priest of Ashenzari.
             Slain by a harpy (6 damage)
             ... summoned by Kirke
             ... on level 4 of the Lair of Beasts.
             The game lasted 00:47:07 (23514 turns).

Eurus the Thaumaturge (Mummy Conjurer)             Turns: 23514, Time: 00:47:07

Health: -5/87      AC:  7    Str: 15    XL:     12   Next: 51%
Magic:  34/37      EV: 15    Int: 19    God:    Ashenzari [***...]
Gold:   733        SH:  0    Dex: 13    Spells: 14/35 levels left

rFire    x . .     SeeInvis +   u - +0 hand axe "Fausicw" {flame, rC+ Str+4} (curse)
rCold    + + .     Gourm    .   (no shield)
rNeg     + + +     Faith    .   w - +0 leather armour
rPois    ∞         Spirit   .   i - +1 hat
rElec    .         Reflect  .   k - +0 cloak
rCorr    .         Harm     .   (no gloves)
MR       ++...                  m - +0 pair of boots
Stlth    ++........             (no amulet)
HPRegen  0.24/turn              g - ring of protection from magic
MPRegen  0.25/turn              r - ring of magical power (curse)

@: no status effects
A: no food or potions, fire vulnerability, cold resistance 1, negative energy
resistance 3, torment resistance, unbreathing
a: Curse Item, Scrying, Renounce Religion


You were on level 4 of the Lair of Beasts.
You worshipped Ashenzari.
Ashenzari was most pleased with you.
You were not hungry.

You visited 3 branches of the dungeon, and saw 15 of its levels.
You also visited: Sewer and Ossuary.

You collected 733 gold pieces.

Inventory:

Hand Weapons
 u - the cursed +0 hand axe "Fausicw" (weapon) {flame, rC+ Str+4}
   (You took it off a gnoll on level 9 of the Dungeon)

   It has been specially enchanted to burn those struck by it, causing extra
   injury to most foes and up to half again as much damage against particularly
   susceptible opponents.
   Big, fiery blades are also staple armaments of hydra-hunters.
   It affects your strength (+4).
   It protects you from cold.
   It has a curse placed upon it.
Armour
 a - a +0 tower shield
 i - a +1 hat (worn)
 k - a +0 cloak (worn)
 m - a +0 pair of boots (worn)
 w - a +0 leather armour (worn)
 A - a scarf of repulsion
Jewellery
 g - a ring of protection from magic (left hand)
 h - an uncursed ring of flight
 n - an uncursed ring of fire
 r - a cursed ring of magical power (right hand)
 v - an uncursed ring of fire
Wands
 b - a wand of enslavement (5)
 d - a wand of scattershot (5)
 l - a wand of flame (16)
 t - a wand of clouds (7)
 x - a wand of polymorph (8)
Scrolls
 c - 12 scrolls of identify
 e - 5 scrolls of fog
 f - 5 scrolls of immolation
 j - 10 scrolls of remove curse
 o - 2 scrolls of fear
 p - 4 scrolls of teleportation
 q - 2 scrolls of blinking
 s - 2 scrolls of amnesia
 y - 2 scrolls of torment
 z - a scroll of enchant weapon {unknown}


   Skills:
 + Level 5.9 Fighting
 - Level 5.0 Armour
 + Level 6.1 Dodging
 - Level 1.5 Stealth
 + Level 12.2 Spellcasting
 * Level 10.4 Conjurations
 - Level 7.1 Translocations
 + Level 2.3 Air Magic


You had 14 spell levels left.
You knew the following spells:

 Your Spells              Type           Power        Failure   Level  Hunger
a - Magic Dart            Conj           ####         1%          1    N/A
b - Searing Ray           Conj           ######       1%          2    N/A
c - Iskenderun's Mystic   Conj/Tloc      #####...     1%          4    N/A
d - Gell's Gravitas       Tloc           #####.....   1%          3    N/A
e - Blink                 Tloc           N/A          1%          2    N/A
f - Passage of Golubria   Tloc           N/A          3%          4    N/A
g - Lightning Bolt        Conj/Air       #####.....   14%         5    N/A

Your spell library contained the following spells:

 Spells                   Type           Power        Failure   Level  Hunger
 Shock                    Conj/Air       ####         1%          1    N/A
 Lesser Beckoning         Tloc           #####.....   1%          3    N/A
 Static Discharge         Conj/Air       #####...     1%          3    N/A
 Teleport Other           Tloc           #####...     1%          3    N/A
 Shroud of Golubria       Chrm/Tloc      ####..       2%          2    N/A
 Dazzling Flash           Conj/Hex       ####..       2%          3    N/A
 Swiftness                Chrm/Air       ###.....     7%          2    N/A
 Fulminant Prism          Conj/Hex       ####......   9%          4    N/A
 Confusing Touch          Hex            ##......     22%         3    N/A
 Airstrike                Air            ###.......   26%         4    N/A
 Petrify                  Tmut/Erth      ##......     56%         4    N/A
 Metabolic Englaciation   Hex/Ice        ##........   89%         5    N/A
 Yara's Violent Unravell  Hex/Tmut       ##........   89%         5    N/A

Dungeon Overview and Level Annotations

Branches:
Dungeon (10/15)            Temple (1/1) D:6            Lair (4/6) D:10
 Spider (0/4) Lair:2          Orc (0/2) D:9           Sewer (visited)
Ossuary (visited)
  Swamp: Lair:2-4    Shoals: Lair:2-4

Altars:
Ashenzari
Fedhas
Hepliaklqana
Okawaru
Qazlal
Ru
Trog
Xom
Yredelemnul
Zin

Shops:
D:4 ?   D:6 !   D:8 *

Annotations:
D:3 3 runed translucent doors, Piu's ghost, novice KoAM
D:5 Sigmund
D:8 1 runed translucent door, ICC's ghost, novice OpVM
D:9 1 exclusion
D:10 exclusion: 2 sensed monsters (detected), Erica
Lair:2 exclusion: oklob plant
Lair:4 exclusion: sensed monster (detected), Kirke


Innate Abilities, Weirdness & Mutations

You do not eat or drink.
Your flesh is vulnerable to fire.
You are immune to poison.
Your flesh is cold resistant. (rC+)
You are immune to negative energy. (rN+++)
You are immune to unholy pain and torment.
You can survive without breathing.


Message History

Kirke summons some harpies!
The hog barely misses you. The harpy closely misses you. The harpy claws you!
* * * LOW HITPOINT WARNING * * *
The harpy claws you.
* * * LOW HITPOINT WARNING * * *
The harpy closely misses you.
The harpy screeches!
The harpy claws you!
* * * LOW HITPOINT WARNING * * *
The harpy claws you but does no damage.
The harpy screeches!
The harpy claws you.
* * * LOW HITPOINT WARNING * * *
The harpy claws you but does no damage. The harpy misses you.
The harpy completely misses you. The harpy claws you.
* * * LOW HITPOINT WARNING * * *
The harpy claws you.
You die...

≈ ...#...#............... ≈
≈....................... , ≈
...................##.. , ≈
≈ ,,................#.... <
≈≈,* #....#........#....♣.
,...####..P###......##......
,,
...#..............##.......
....#........♣♣♣.##..♣..###
,..........@##.♣.##.........
, ........HH................
..##......#♣.<..+.♣.>.♣..♣
.. *##..h###.....#.........
...P#.#h##.##.♣.##.........
.........{hh#.####...♣..###
,
,..........{.......#........
,
............@......##.{{...
....................##hh.♣.


You could see 2 harpies and 2 hogs.

Vanquished Creatures
  Gastronok (Lair:2)
  3 hydras
  A two-headed ogre (D:10)
  3 black mambas
  5 spiny frogs
  A rime drake (Lair:4)
  3 komodo dragons (D:10)
  A queen bee (D:9)
  9 blink frogs (Lair:3)
  3 slime creatures (D:8)
  6 hippogriffs
  2 wyverns
  2 basilisks (Lair:1)
  12 yaks
  2 hogs (Lair:4)
  A hungry ghost (D:10)
  6 water moccasins
  9 porcupines
  5 orc warriors
  2 ice beasts
  A sky beast (D:6)
  A phantom (D:4)
  An ogre (D:7)
  2 black bears
  A necrophage (D:9)
  A centaur (D:8)
  11 crocodiles
  A big kobold (Sewer)
  9 bullfrogs
  3 scorpions
  A wyvern skeleton (D:9)
  8 wights
  22 killer bees
  A howler monkey (D:9)
  3 crimson imps
  2 quasits
  2 jellies
  2 bullfrog skeletons
  A bullfrog zombie (D:5)
  A hound (D:9)
  3 orc wizards
  6 orc priests
  Crazy Yiuf (D:5)
  3 centaur skeletons
  2 iguanas
  Ijyb (D:2)
  8 worker ants
  3 mummies (Ossuary)
  A hound skeleton (D:4)
  6 gnolls
  A howler monkey skeleton (D:8)
  2 river rats
  11 adders
  2 shadow imps (D:7)
  An ooze (D:2)
  An adder skeleton (D:7)
  An adder zombie (Ossuary)
  2 dart slugs
  5 worms
  2 leopard geckos
  23 orcs
  A giant cockroach (D:7)
  15 goblins
  4 hobgoblins
  10 jackals
  7 quokkas
  3 ball pythons
  14 bats
  9 frilled lizards
  A giant cockroach zombie (Ossuary)
  2 jackal skeletons (D:5)
  11 kobolds
  6 rats
  A fungus (Lair:3)
320 creatures vanquished.

Vanquished Creatures (others)
  3 fungi
  6 plants
9 creatures vanquished.

Grand Total: 329 creatures vanquished

Notes
Turn   | Place    | Note
-------+----------+-------------------------------------------
     0 | D:1      | Eurus the Mummy Conjurer began the quest for the Orb.
     0 | D:1      | Reached XP level 1. HP: 13/13 MP: 4/4
   290 | D:1      | Reached XP level 2. HP: 20/20 MP: 3/5
   332 | D:1      | Reached skill level 3 in Spellcasting
   680 | D:2      | Reached skill level 1 in Fighting
   691 | D:2      | Learned a level 2 spell: Searing Ray
   786 | D:2      | Found a shimmering altar of Xom.
   887 | D:2      | Reached XP level 3. HP: 21/26 MP: 0/7
  1434 | D:2      | Noticed Ijyb
  1985 | D:2      | Killed Ijyb
  1985 | D:2      | Reached XP level 4. HP: 28/32 MP: 0/9
  2275 | D:3      | Found a runed translucent gate.
  2275 | D:3      | Found a runed translucent gate.
  2275 | D:3      | Found a runed translucent gate.
  2275 | D:3      | Noticed Piu's ghost (novice KoAM)
  2280 | D:3      | Found a sacrificial altar of Ru.
  2340 | D:3      | Reached XP level 5. HP: 19/38 MP: 10/10
  2414 | D:2      | Found a blossoming altar of Fedhas.
  2628 | D:3      | Found a shattered altar of Ashenzari.
  2628 | D:3      | Found a basalt altar of Yredelemnul.
  2632 | D:3      | Became a worshipper of Ashenzari the Shackled
  2687 | D:3      | Reached skill level 4 in Spellcasting
  2691 | D:3      | Found a glowing silver altar of Zin.
  2842 | D:3      | Found a glowing drain.
  2846 | Sewer    | Entered a sewer
  3166 | Sewer    | Reached XP level 6. HP: 33/46 MP: 12/12
  3268 | Sewer    | Found a white marble altar of Elyvilon.
  3594 | D:4      | Reached skill level 5 in Conjurations
  3626 | D:4      | Found a sand-covered staircase.
  3633 | Ossuary  | Entered an ossuary
  3652 | Ossuary  | HP: 1/46 [mummy (8)]
  4018 | D:4      | Found a hazy altar of Hepliaklqana.
  4307 | D:4      | Noticed a fire elemental
  4309 | D:4      | Found a stormy altar of Qazlal.
  4310 | D:4      | Noticed a water elemental
  4310 | D:4      | Noticed an air elemental
  4481 | D:4      | Reached skill level 5 in Spellcasting
  4509 | D:4      | Learned a level 4 spell: Iskenderun's Mystic Blast
  4521 | D:4      | Reached XP level 7. HP: 49/52 MP: 9/14
  4624 | D:4      | Found Daufuas's Magic Scroll Shop.
  4741 | D:4      | Found a bloodstained altar of Trog.
  4833 | D:5      | Entered Level 5 of the Dungeon
  4845 | D:5      | Reached skill level 1 in Armour
  4845 | D:5      | Reached skill level 1 in Translocations
  5358 | D:5      | Found a runed translucent door.
  5359 | D:5      | Noticed Crazy Yiuf
  5393 | D:5      | Killed Crazy Yiuf
  5490 | D:5      | Noticed Sigmund
  5663 | D:5      | Reached * piety under Ashenzari
  6330 | D:6      | Found Lurulogrewk's Distillery.
  6351 | D:6      | HP: 1/54 [killer bee (4)]
  6352 | D:6      | Reached XP level 8. HP: 1/60 MP: 4/16
  6670 | D:6      | Found an iron altar of Okawaru.
  6756 | D:6      | Reached skill level 6 in Spellcasting
  7306 | D:6      | Found a staircase to the Ecumenical Temple.
  7631 | Temple   | Entered the Ecumenical Temple
  7713 | D:7      | Learned a level 3 spell: Gell's Gravitas
  7753 | D:7      | Reached skill level 7 in Spellcasting
  8383 | D:7      | Reached XP level 9. HP: 65/65 MP: 15/19
  9153 | D:7      | HP: 2/65 [orc warrior/+0 battleaxe (21)]
  9583 | D:8      | Reached skill level 8 in Spellcasting
  9687 | D:8      | Found Luircheso's General Store.
  9730 | D:8      | Noticed ICC's ghost (novice OpVM)
  9732 | D:8      | Found a runed translucent door.
 10798 | D:9      | Identified the cursed +0 hand axe "Fausicw" {flame, rC+
                  | Str+4}
 12125 | D:9      | Reached XP level 10. HP: 71/71 MP: 22/22
 12214 | D:9      | Reached skill level 5 in Armour
 12214 | D:9      | Reached skill level 9 in Spellcasting
 12215 | D:9      | Reached skill level 5 in Translocations
 12441 | D:9      | Found a staircase to the Orcish Mines.
 12886 | D:9      | Reached ** piety under Ashenzari
 13190 | D:9      | Noticed a lindwurm
 13190 | D:9      | Noticed a lindwurm
 13262 | D:9      | Found an iron altar of Okawaru.
 13348 | D:10     | Entered Level 10 of the Dungeon
 14319 | D:10     | Noticed Erica
 14751 | D:10     | Found a staircase to the Lair.
 14896 | D:10     | Noticed a two-headed ogre
 14924 | D:10     | Killed a two-headed ogre
 14924 | D:10     | Reached skill level 10 in Spellcasting
 16007 | Lair:1   | Entered Level 1 of the Lair of Beasts
 16435 | Lair:1   | Reached XP level 11. HP: 52/77 MP: 25/25
 16595 | Lair:1   | Noticed a four-headed hydra
 16616 | Lair:1   | Killed a four-headed hydra
 18054 | Lair:1   | Reached skill level 11 in Spellcasting
 19307 | Lair:2   | Identified a scroll of acquirement
 19321 | Lair:2   | Learned a level 2 spell: Blink
 19326 | Lair:2   | Learned a level 4 spell: Passage of Golubria
 19346 | Lair:2   | Reached skill level 5 in Dodging
 19637 | Lair:2   | Noticed Gastronok
 19800 | Lair:2   | Killed Gastronok
 20130 | Lair:2   | Identified the cursed +1 spear "Soxixkymoc" {flame, MP+9}
 20130 | Lair:2   | Noticed an oklob plant
 20348 | Lair:2   | Reached *** piety under Ashenzari
 20409 | Lair:2   | Found a hole to the Spider Nest.
 21029 | Lair:2   | Learned a level 5 spell: Lightning Bolt
 21107 | Lair:3   | Noticed an eight-headed hydra
 21148 | Lair:2   | Reached XP level 12. HP: 37/85 MP: 27/27
 21450 | Lair:3   | Reached skill level 5 in Fighting
 21593 | Lair:3   | Killed an eight-headed hydra
 21593 | Lair:3   | Reached skill level 10 in Conjurations
 21593 | Lair:3   | Reached skill level 1 in Air Magic
 21831 | Lair:3   | Reached skill level 12 in Spellcasting
 22867 | Lair:4   | Noticed a four-headed hydra
 22882 | Lair:3   | Killed a four-headed hydra
 23485 | Lair:4   | Noticed Kirke
 23512 | Lair:4   | HP: 3/87 [harpy[Kirke] (14)]
 23514 | Lair:4   | HP: 1/87 [harpy[Kirke] (1)]
 23514 | Lair:4   | Slain by a harpy

Levels and vault maps discovered:
D:1:      scummos_arrival_star, layout_rooms, moated_statue
D:2:      kennysheep_the_goblin_king, layout_basic,
          nicolae_overflow_hidden_temple, first_ration
D:3:      layout_rooms, gammafunk_temple_overflow_elements, zin_treasury,
          nicolae_overflow_crystal_walls, gammafunk_ghost_necromancy,
          gup_sewer_entry_bowl
D:4:      layout_loops_cross, nicolae_qazlal_style_of_elements,
          lightli_temple_of_fire, old_standard_altar, serial_shops, shop,
          nicolae_ossuary_entry_ruins
D:5:      layout_gridville, uniq_sigmund, uniq_crazy_yiuf_cottage
D:6:      layout_basic, minmay_temple_entry_water_ring, basic_altar,
          serial_shops, kennysheep_little_box
D:7:      layout_basic
D:8:      layout_rooms, serial_shops, nicolae_shop_crystal,
          hellmonk_ghost_happy_afterlife
D:9:      layout_basic, okawaru_altar_gauntlet_db, david_orc_1_choice,
          david_nohive_1, minmay_strange_pillars, minmay_lindwurm_lava
D:10:     layout_irregular_city, david_lair_shrubbed, minmay_shattered_shrine,
          uniq_erica
Temple:   minmay_temple_forest_path
Lair:1:   layout_small_grid
Lair:2:   layout_roguey, spider_nest_entry_web_field, minmay_lair_oklob_bushes,
          chequers_serial_rivers_micro_c, roderic_batcave,
          small_statue_intersection, st_stairs_10, serial_bayou_shore_a,
          uniq_gastronok
Lair:3:   layout_cave_pods, nicolae_volcano_entry_hallway, grunt_megastairs_2,
          lemuel_fruit_tree
Lair:4:   layout_regular_city, shoals_dummy_entry, infiniplex_staircase_pool,
          grunt_megastairs_3, uniq_kirke

Skill      XL: |  1  2  3  4  5  6  7  8  9 10 11 12 |
---------------+-------------------------------------+-----
Spellcasting   | 3 4 5 7 8 10 11 12 | 12.2
Fighting       | 1 2 3 4 5 |  5.9
Conjurations   | 4 5 6 7 8 9 10 | 10.4
Armour         | 1 3 4 5 |  5.0
Translocations | 1 3 4 6 7 |  7.1
Dodging        | 3 5 6 |  6.1
Air Magic      | 2 |  2.3
Stealth        | |  1.5

Action                   |  1- 3 |  4- 6 |  7- 9 | 10-12 || total
-------------------------+-------+-------+-------+-------++-------
Melee: Club              |    25 |       |       |       ||    25
       Dagger            |    14 |   127 |    39 |       ||   180
       Hand axe          |       |       |    14 |    47 ||    61
 Cast: Magic Dart        |    57 |     6 |    26 |    62 ||   151
       Searing Ray       |     1 |    13 |    84 |   159 ||   257
       Iskenderun's Myst |       |       |       |    13 ||    13
Invok: Curse Item        |       |       |     1 |       ||     1
  Use: Scroll            |       |     1 |     8 |     5 ||    14
 Stab: Sleeping          |       |     1 |     2 |     1 ||     4
Armor: Robe              |    18 |    11 |    29 |     2 ||    60
       Leather armour    |       |       |       |    87 ||    87
Dodge: Dodged            |    49 |    80 |   133 |   231 ||   493

Table legend:
 A = Non-vault XP
 B = Vault XP
 C = Vault XP percentage of total XP
 D = Non-vault monster count
 E = Vault monster count
 F = Vault count percentage of total count
                 A         B        C        D         E       F
            +---------+---------+-------+---------+---------+-------
      Total |   21451 |    8723 |  28.9 |     238 |      81 |  25.4
            +---------+---------+-------+---------+---------+-------
        D:1 |      25 |       0 |   0.0 |      17 |       0 |   0.0
        D:2 |      44 |      48 |  52.2 |      16 |       7 |  30.4
        D:3 |     150 |      23 |  13.3 |      19 |       4 |  17.4
        D:4 |     331 |       0 |   0.0 |      18 |       0 |   0.0
        D:5 |     260 |      39 |  13.0 |      10 |       1 |   9.1
        D:6 |     954 |       0 |   0.0 |      19 |       0 |   0.0
        D:7 |    1291 |       0 |   0.0 |      19 |       0 |   0.0
        D:8 |    1610 |       0 |   0.0 |      23 |       0 |   0.0
        D:9 |     669 |    1775 |  72.6 |      12 |      31 |  72.1
       D:10 |    2721 |    1294 |  32.2 |      27 |       3 |  10.0
     Lair:1 |    4628 |       0 |   0.0 |      20 |       0 |   0.0
     Lair:2 |    3259 |    2642 |  44.8 |      16 |      11 |  40.7
     Lair:3 |    4142 |    2049 |  33.1 |      18 |       5 |  21.7
     Lair:4 |    1367 |     667 |  32.8 |       4 |       4 |  50.0
      Sewer |       0 |     123 | 100.0 |       0 |      10 | 100.0
    Ossuary |       0 |      63 | 100.0 |       0 |       5 | 100.0
            +---------+---------+-------+---------+---------+-------
